[ AOE2 MATCH · #505746491 ]
UnrankedBulgarians vs Incas
Player's team · WIN
Rival team · LOSS
[ REPLAY ANALYSIS · EXTRACTED FROM THE RECORDED GAME ]
Feudal
13:51
Castle
18:12
Imperial
—
| APM avg | 47.7 |
| APM peak | 107 |
| eAPM avg | 26.1 |
| Villagers / military | 157 / 97 |
Focus
⚔️ 31.5% · 🌾 68.5%
Konnik ×73 · Battering Ram ×12 · Militia ×5 · Scout Cavalry ×3 · Monk ×2 · Mangonel ×1
Feudal
9:16
Castle
20:49
Imperial
—
| APM avg | 45.5 |
| APM peak | 86 |
| eAPM avg | 24.2 |
| Villagers / military | 122 / 89 |
Focus
⚔️ 47.7% · 🌾 52.3%
Archer ×53 · Unknown (2550) ×46 · Kamayuk ×20 · Spearman ×13 · Monk ×3
Match map
Initial resources + every placement click. Lines = walls · curves = elevation contours. ◆ gold · ⬟ stone · ● berries · ✦ relic · ◌ wall gap
Your base· Open — unwalled flank
Alexander the conqueror's base· Open — 4t gap
Smoothed initial terrain · ◌ = detected wall gap · hover for details
Inputs per minute
— eduv - - Alexander the conqueror
Build order — eduv
First 150 of 426 actions detected
| 0:01 | Create | Villager (Male) |
| 0:02 | Create | Villager (Male) |
| 0:03 | Build | House |
| 0:05 | Build | House |
| 0:08 | Create | Villager (Male) |
| 0:09 | Create | Villager (Male) |
| 1:26 | Create | Villager (Male) |
| 1:53 | Build | Lumber Camp |
| 2:00 | Create | Villager (Male) |
| 2:18 | Create | Villager (Male) |
| 2:19 | Create | Villager (Male) |
| 2:45 | Create | Villager (Male) |
| 2:46 | Create | Villager (Male) |
| 3:07 | Create | Villager (Male) |
| 3:07 | Create | Villager (Male) |
| 3:28 | Build | House |
| 3:33 | Create | Villager (Male) |
| 3:33 | Create | Villager (Male) |
| 3:58 | Create | Villager (Male) |
| 3:58 | Create | Villager (Male) |
| 4:21 | Create | Villager (Male) |
| 4:22 | Create | Villager (Male) |
| 4:22 | Create | Villager (Male) |
| 5:00 | Build | Barracks |
| 5:02 | Build | House |
| 5:08 | Create | Villager (Male) |
| 5:09 | Create | Villager (Male) |
| 5:36 | Create | Villager (Male) |
| 5:36 | Create | Villager (Male) |
| 5:36 | Create | Villager (Male) |
| 6:29 | Build | House |
| 6:30 | Create | Militia |
| 6:37 | Build | House |
| 6:40 | Create | Villager (Male) |
| 6:49 | Build | Mining Camp |
| 6:53 | Create | Militia |
| 6:54 | Create | Militia |
| 7:24 | Create | Militia |
| 7:25 | Create | Villager (Male) |
| 7:50 | Create | Villager (Male) |
| 7:52 | Build | Mill |
| 7:55 | Create | Villager (Male) |
| 7:56 | Create | Militia |
| 7:57 | Create | Villager (Male) |
| 7:57 | Create | Villager (Male) |
| 8:08 | Create | Villager (Male) |
| 8:08 | Create | Villager (Male) |
| 8:33 | Create | Villager (Male) |
| 8:33 | Create | Villager (Male) |
| 9:13 | Create | Villager (Male) |
| 9:14 | Create | Villager (Male) |
| 9:14 | Create | Villager (Male) |
| 9:14 | Create | Villager (Male) |
| 9:41 | Create | Villager (Male) |
| 9:41 | Create | Villager (Male) |
| 9:44 | Build | Mill |
| 9:57 | Build | House |
| 10:00 | Build | Palisade Wall |
| 10:50 | Build | Farm |
| 10:50 | Build | Farm |
| 10:51 | Build | Farm |
| 10:51 | Build | Farm |
| 10:51 | Build | Farm |
| 10:51 | Build | Farm |
| 10:52 | Build | Farm |
| 11:06 | Research | Loom |
| 11:14 | Build | Palisade Wall |
| 11:15 | Build | Palisade Wall |
| 11:17 | Build | Palisade Wall |
| 11:40 | Research | Feudal Age |
| 11:41 | Research | Feudal Age |
| 12:00 | Build | House |
| 12:27 | Create | Villager (Male) |
| 13:51 | Age | Feudal Age |
| 13:54 | Create | Villager (Male) |
| 14:04 | Build | Market |
| 14:06 | Build | Blacksmith |
| 14:09 | Build | House |
| 14:10 | Create | Villager (Male) |
| 14:44 | Research | Double-Bit Axe |
| 14:45 | Research | Double-Bit Axe |
| 15:00 | Create | Villager (Male) |
| 15:20 | Research | Castle Age |
| 15:21 | Research | Castle Age |
| 15:32 | Build | Stable |
| 15:50 | Research | Horse Collar |
| 15:50 | Research | Horse Collar |
| 16:06 | Build | Palisade Wall |
| 16:18 | Build | Farm |
| 16:22 | Build | Farm |
| 16:25 | Build | Farm |
| 16:27 | Build | Farm |
| 16:32 | Build | Farm |
| 16:52 | Build | Farm |
| 16:53 | Build | Farm |
| 16:56 | Create | Scout Cavalry |
| 17:25 | Create | Scout Cavalry |
| 17:31 | Create | Scout Cavalry |
| 17:34 | Create | Villager (Male) |
| 18:12 | Age | Castle Age |
| 18:15 | Build | Town Center |
| 18:21 | Research | Bow Saw |
| 18:22 | Research | Bow Saw |
| 18:25 | Research | Light Cavalry (upgrade) |
| 18:25 | Research | Light Cavalry (upgrade) |
| 18:27 | Create | Villager (Male) |
| 18:38 | Create | Villager (Male) |
| 18:55 | Create | Villager (Male) |
| 19:33 | Build | Lumber Camp |
| 19:39 | Create | Villager (Male) |
| 19:55 | Create | Villager (Male) |
| 19:55 | Create | Villager (Male) |
| 19:59 | Build | Town Center |
| 20:04 | Create | Villager (Male) |
| 20:25 | Build | Farm |
| 20:40 | Create | Villager (Male) |
| 20:40 | Create | Villager (Male) |
| 20:41 | Create | Villager (Male) |
| 20:55 | Build | Monastery |
| 21:01 | Create | Villager (Male) |
| 21:01 | Create | Villager (Male) |
| 21:22 | Build | Mining Camp |
| 21:27 | Create | Villager (Male) |
| 21:29 | Create | Villager (Male) |
| 21:34 | Build | Lumber Camp |
| 21:40 | Create | Villager (Male) |
| 21:41 | Create | Villager (Male) |
| 21:42 | Create | Villager (Male) |
| 21:43 | Create | Monk |
| 21:43 | Create | Monk |
| 22:03 | Create | Villager (Male) |
| 22:03 | Create | Villager (Male) |
| 22:14 | Create | Villager (Male) |
| 22:14 | Create | Villager (Male) |
| 22:19 | Build | Farm |
| 22:20 | Build | Farm |
| 22:22 | Build | Farm |
| 22:22 | Build | Farm |
| 22:40 | Create | Villager (Male) |
| 22:40 | Create | Villager (Male) |
| 22:41 | Create | Villager (Male) |
| 22:41 | Create | Villager (Male) |
| 22:49 | Build | Siege Workshop |
| 23:04 | Create | Mangonel |
| 23:12 | Create | Villager (Male) |
| 23:26 | Create | Villager (Male) |
| 23:44 | Build | House |
| 23:49 | Build | House |
| 23:50 | Create | Villager (Male) |
| 23:50 | Create | Villager (Male) |
Build order — Alexander the conqueror
First 150 of 402 actions detected
| 0:00 | Create | Villager (Male) |
| 0:01 | Create | Villager (Male) |
| 0:01 | Create | Villager (Male) |
| 0:01 | Create | Villager (Male) |
| 0:02 | Build | House |
| 0:04 | Build | House |
| 1:14 | Create | Villager (Male) |
| 1:14 | Create | Villager (Male) |
| 1:49 | Create | Villager (Male) |
| 1:54 | Build | Settlement |
| 2:02 | Create | Villager (Male) |
| 2:32 | Create | Villager (Male) |
| 2:32 | Create | Villager (Male) |
| 2:56 | Create | Villager (Male) |
| 2:56 | Create | Villager (Male) |
| 3:10 | Create | Villager (Male) |
| 3:10 | Create | Villager (Male) |
| 4:02 | Create | Villager (Male) |
| 4:02 | Create | Villager (Male) |
| 4:29 | Build | Settlement |
| 4:37 | Create | Villager (Male) |
| 5:04 | Create | Villager (Male) |
| 5:36 | Create | Villager (Male) |
| 5:49 | Create | Villager (Male) |
| 6:11 | Research | Loom |
| 7:05 | Research | Feudal Age |
| 7:05 | Research | Feudal Age |
| 7:50 | Build | Barracks |
| 8:23 | Build | Palisade Wall |
| 8:24 | Build | Palisade Wall |
| 8:25 | Build | Palisade Wall |
| 8:26 | Build | Palisade Wall |
| 8:31 | Build | Palisade Wall |
| 8:33 | Build | Palisade Wall |
| 8:33 | Build | Palisade Wall |
| 8:34 | Build | Palisade Wall |
| 8:35 | Build | Palisade Wall |
| 8:41 | Build | Settlement |
| 9:01 | Build | House |
| 9:05 | Build | Palisade Wall |
| 9:16 | Age | Feudal Age |
| 9:22 | Create | Villager (Male) |
| 9:26 | Create | Spearman |
| 9:50 | Build | Archery Range |
| 10:00 | Build | Palisade Wall |
| 10:01 | Create | Villager (Male) |
| 10:08 | Create | Villager (Male) |
| 10:14 | Build | Archery Range |
| 10:18 | Create | Villager (Male) |
| 10:18 | Create | Spearman |
| 10:29 | Build | House |
| 10:36 | Build | House |
| 10:39 | Build | Palisade Wall |
| 10:40 | Build | Palisade Wall |
| 10:40 | Build | Palisade Wall |
| 10:42 | Create | Villager (Male) |
| 11:02 | Build | Palisade Wall |
| 11:03 | Build | Palisade Wall |
| 11:07 | Create | Archer |
| 11:07 | Create | Archer |
| 11:10 | Create | Villager (Male) |
| 11:19 | Build | Palisade Wall |
| 11:32 | Build | Palisade Wall |
| 11:34 | Create | Villager (Male) |
| 11:35 | Create | Archer |
| 11:53 | Research | Double-Bit Axe |
| 11:59 | Build | House |
| 12:03 | Create | Archer |
| 12:06 | Create | Spearman |
| 12:15 | Build | Farm |
| 12:21 | Build | Farm |
| 12:32 | Create | Villager (Male) |
| 12:36 | Create | Archer |
| 12:41 | Build | Farm |
| 12:46 | Create | Villager (Male) |
| 13:06 | Build | Farm |
| 13:09 | Build | Farm |
| 13:19 | Create | Archer |
| 13:34 | Create | Villager (Male) |
| 13:35 | Build | Farm |
| 13:42 | Create | Villager (Male) |
| 13:45 | Build | Farm |
| 13:56 | Create | Villager (Male) |
| 13:59 | Build | Farm |
| 14:11 | Build | Farm |
| 14:14 | Create | Villager (Male) |
| 14:39 | Create | Villager (Male) |
| 14:42 | Build | Blacksmith |
| 14:43 | Build | Palisade Wall |
| 14:46 | Create | Spearman |
| 14:51 | Create | Villager (Male) |
| 15:02 | Build | Farm |
| 15:06 | Create | Archer |
| 15:07 | Create | Archer |
| 15:11 | Create | Villager (Male) |
| 15:23 | Build | Farm |
| 15:27 | Create | Archer |
| 15:33 | Build | Farm |
| 15:52 | Create | Villager (Male) |
| 15:55 | Build | Farm |
| 15:58 | Create | Archer |
| 16:08 | Create | Villager (Male) |
| 16:22 | Build | Farm |
| 16:44 | Build | Farm |
| 16:49 | Build | Palisade Wall |
| 16:52 | Create | Archer |
| 17:00 | Create | Villager (Male) |
| 17:02 | Build | House |
| 17:04 | Build | Palisade Wall |
| 17:13 | Create | Villager (Male) |
| 17:20 | Create | Archer |
| 17:33 | Create | Archer |
| 17:57 | Research | Castle Age |
| 17:58 | Research | Castle Age |
| 18:01 | Build | Archery Range |
| 18:12 | Research | Horse Collar |
| 18:13 | Research | Horse Collar |
| 18:18 | Create | Spearman |
| 18:26 | Build | House |
| 18:28 | Build | Palisade Wall |
| 18:46 | Create | Archer |
| 18:46 | Create | Archer |
| 18:47 | Create | Archer |
| 18:54 | Research | Fletching |
| 18:54 | Research | Fletching |
| 19:02 | Create | Spearman |
| 19:11 | Build | Farm |
| 19:16 | Build | Palisade Wall |
| 19:20 | Create | Archer |
| 19:21 | Create | Archer |
| 19:25 | Create | Spearman |
| 19:28 | Create | Spearman |
| 19:33 | Create | Spearman |
| 19:35 | Build | Palisade Wall |
| 19:37 | Build | Palisade Wall |
| 19:43 | Create | Villager (Male) |
| 19:51 | Build | Farm |
| 19:53 | Build | Farm |
| 20:03 | Create | Archer |
| 20:04 | Create | Archer |
| 20:24 | Create | Archer |
| 20:28 | Create | Spearman |
| 20:30 | Create | Spearman |
| 20:43 | Create | Spearman |
| 20:49 | Age | Castle Age |
| 20:52 | Research | Crossbowman (upgrade) |
| 20:59 | Research | Bodkin Arrow |
| 21:23 | Research | Bow Saw |
| 21:25 | Create | Archer |
| 21:26 | Create | Villager (Male) |
Match timeline
| 5:00 | eduv · first_building Barracks |
| 7:50 | Alexander the conqueror · first_building Barracks |
| 8:23 | Alexander the conqueror · wall_segment Palisade Wall x1 |
| 8:24 | Alexander the conqueror · wall_segment Palisade Wall x1 |
| 8:25 | Alexander the conqueror · wall_segment Palisade Wall x1 |
| 8:26 | Alexander the conqueror · wall_segment Palisade Wall x1 |
| 8:31 | Alexander the conqueror · wall_segment Palisade Wall x2 |
| 8:33 | Alexander the conqueror · wall_segment Palisade Wall x1 |
| 8:33 | Alexander the conqueror · wall_segment Palisade Wall x1 |
| 8:34 | Alexander the conqueror · wall_segment Palisade Wall x1 |
| 8:35 | Alexander the conqueror · wall_segment Palisade Wall x1 |
| 9:05 | Alexander the conqueror · wall_segment Palisade Wall x4 |
| 9:16 | Alexander the conqueror · age_up feudal |
| 9:50 | Alexander the conqueror · first_building Archery Range |
| 10:00 | Alexander the conqueror · wall_segment Palisade Wall x1 |
| 10:00 | eduv · wall_segment Palisade Wall x8 |
| 10:39 | Alexander the conqueror · wall_segment Palisade Wall x1 |
| 10:40 | Alexander the conqueror · wall_segment Palisade Wall x1 |
| 10:40 | Alexander the conqueror · wall_segment Palisade Wall x1 |
| 11:02 | Alexander the conqueror · wall_segment Palisade Wall x1 |
| 11:03 | Alexander the conqueror · wall_segment Palisade Wall x1 |
| 11:14 | eduv · wall_segment Palisade Wall x6 |
| 11:15 | eduv · wall_segment Palisade Wall x1 |
| 11:17 | eduv · wall_segment Palisade Wall x10 |
| 11:19 | Alexander the conqueror · wall_segment Palisade Wall x1 |
| 11:32 | Alexander the conqueror · wall_segment Palisade Wall x1 |
| 13:51 | eduv · age_up feudal |
| 14:43 | Alexander the conqueror · wall_segment Palisade Wall x4 |
| 15:32 | eduv · first_building Stable |
| 16:06 | eduv · wall_segment Palisade Wall x10 |
| 16:49 | Alexander the conqueror · wall_segment Palisade Wall x9 |
| 17:04 | Alexander the conqueror · wall_segment Palisade Wall x5 |
| 18:12 | eduv · age_up castle |
| 18:28 | Alexander the conqueror · wall_segment Palisade Wall x9 |
| 19:16 | Alexander the conqueror · wall_segment Palisade Wall x2 |
| 19:35 | Alexander the conqueror · wall_segment Palisade Wall x1 |
| 19:37 | Alexander the conqueror · wall_segment Palisade Wall x1 |
| 20:49 | Alexander the conqueror · age_up castle |
| 20:55 | eduv · first_building Monastery |
| 21:31 | Alexander the conqueror · wall_segment Palisade Wall x8 |
| 22:49 | eduv · first_building Siege Workshop |
| 23:11 | eduv · first_market_buy 100 wood |
| 24:50 | eduv · first_market_sell 100 wood |
| 26:25 | Alexander the conqueror · first_building Monastery |
| 27:10 | eduv · first_building Krepost |
| 28:00 | Alexander the conqueror · first_market_buy 100 wood |
| 33:46 | Alexander the conqueror · first_building Castle |
| 34:07 | Alexander the conqueror · wall_segment Palisade Wall x1 |
| 38:54 | Alexander the conqueror · resign |
[ AI ANALYSIS · 1 CREDIT ]
What really happened in this match?
Wolo.gg analyzes every decision: build order, eco, micro, common mistakes by bracket. Personalized analysis on WhatsApp or Discord in 30 seconds.
Civ guide
Bulgarians
Perfil
Jugador #631884